 Dungeon Crawl Stone Soup version 0.23.2-40-g277498a001 (webtiles) character file.

Game seed: 17002695771463204858

649 Emblim88 the Grasshopper (level 7, 0/56 HPs)
             Began as a Gnoll Warper on Aug 24, 2019.
             Slain by Duvessa
             ... wielding a +0 short sword
              (11 damage)
             ... on level 5 of the Dungeon.
             The game lasted 00:12:10 (4281 turns).

Emblim88 the Grasshopper (Gnoll Warper)             Turns: 4281, Time: 00:12:11

Health: 0/56       AC:  7    Str: 13    XL:     7   Next: 53%
Magic:  15/15      EV: 15    Int: 16    God:
Gold:   138        SH:  0    Dex: 16    Spells: 15/17 levels left

rFire    x . .     SeeInvis .   d - +4 flail (protect)
rCold    + + .     Gourm    .   (no shield)
rNeg     . . .     Faith    .   b - +0 leather armour
rPois    .         Spirit   .   (no helmet)
rElec    .         Reflect  .   m - +0 cloak
rCorr    .         Harm     .   y - +0 pair of gloves
MR       .....                  z - +1 pair of boots
Stlth    ++........             (no amulet)
HPRegen  0.58/turn              u - ring of ice
MPRegen  0.14/turn              (no ring)

@: shrouded
A: distributed training, fangs 1, cold resistance 1, regeneration 1, sturdy
frame 1, strong nose
a: no special abilities


You were on level 5 of the Dungeon.
You were very hungry.

You visited 1 branch of the dungeon, and saw 5 of its levels.

You collected 138 gold pieces.

Inventory:

Hand Weapons
 a - a +0 falchion
 c - a +0 blowgun
 d - a +4 flail of protection (weapon)
 w - a +0 blowgun
 D - a cursed +0 shortbow
Missiles
 l - 3 tomahawks (quivered)
 x - 24 poisoned needles
 E - 34 arrows
Armour
 b - a +0 leather armour (worn)
 m - a +0 cloak (worn)
 y - a +0 pair of gloves (worn)
 z - a +1 pair of boots (worn)
Jewellery
 u - a ring of ice (left hand)
 v - an uncursed ring of magical power
Scrolls
 g - a scroll of enchant weapon
 j - a scroll of fog {unknown}
 n - 3 scrolls of teleportation
 o - 5 scrolls of remove curse
 p - a scroll of magic mapping
 r - a scroll of immolation {unknown}
 s - a scroll of noise {unknown}
 B - a scroll of random uselessness {unknown}
 C - a scroll of fear
Potions
 h - a potion of lignification
 i - a potion of brilliance
 q - a potion of agility
 t - a potion of haste
 F - a potion of berserk rage
Comestibles
 f - 4 rations


   Skills:
 + Level 5.2 Fighting
 + Level 2.5 Short Blades
 + Level 5.2 Long Blades
 + Level 2.5 Axes
 + Level 2.5 Maces & Flails
 + Level 2.5 Polearms
 + Level 2.5 Staves
 + Level 2.5 Slings
 + Level 2.5 Bows
 + Level 2.5 Crossbows
 + Level 3.6 Throwing
 + Level 3.6 Armour
 + Level 5.2 Dodging
 + Level 2.5 Stealth
 + Level 2.5 Shields
 + Level 2.5 Unarmed Combat
 + Level 5.6 Spellcasting
 + Level 2.0 Conjurations
 + Level 2.0 Hexes
 + Level 2.0 Charms
 + Level 2.0 Summonings
 + Level 2.0 Necromancy
 + Level 5.8 Translocations
 + Level 2.0 Transmutations
 + Level 2.0 Fire Magic
 + Level 2.0 Ice Magic
 + Level 2.0 Air Magic
 + Level 2.0 Earth Magic
 + Level 2.0 Poison Magic
 + Level 2.8 Invocations
 + Level 2.5 Evocations


You had 15 spell levels left.
You knew the following spells:

 Your Spells              Type           Power        Failure   Level  Hunger
a - Shroud of Golubria    Chrm/Tloc      ###.......   4%          2    #......

Your spell library contained the following spells:

 Spells                   Type           Power        Failure   Level  Hunger
 Blink                    Tloc           N/A          1%          2    #......
 Gell's Gravitas          Tloc           ###.......   4%          3    ##.....
 Lesser Beckoning         Tloc           ###.......   4%          3    ##.....
 Teleport Other           Tloc           ###.....     4%          3    ##.....
 Passage of Golubria      Tloc           N/A          13%         4    ####...


Dungeon Overview and Level Annotations

Branches:
Dungeon (5/15)
 Temple: D:4-7

Altars:
Dithmenos
Nemelex Xobeh

Shops:
D:5 *

Annotations:
D:5 Duvessa


Innate Abilities, Weirdness & Mutations

Your experience applies equally to all skills.
You have very sharp teeth.
Your uncanny sense of smell can sniff out nearby items.
Your flesh is cold resistant. (rC+)
Your natural rate of healing is unusually fast.
Your movements are slightly less encumbered by armour. (ER -2)


Message History

Confirm with . or Enter, or press ? or * to list all spells.
Okay, then.
Casting: Shroud of Golubria (safe; 4% risk of failure)
Confirm with . or Enter, or press ? or * to list all spells.
Space distorts slightly along a thin shroud covering your body.
Duvessa closely misses you. x2
Duvessa closely misses you.
Your shroud bends Duvessa's attack away.
Your shroud bends Duvessa's attack away.
You are no longer glowing.
Duvessa misses you.
You are feeling very hungry.
Duvessa rages.
Duvessa barely misses you.
Things that are here:
a +0 leather armour; the human corpse of Edmund Your shroud bends Duvessa's attack away.
Your shroud bends Duvessa's attack away.
Duvessa hits you with a +0 short sword!
You die...

#..... #....
##... #..#. ###
##.### #.###
##..# ##..##
##..## ##..##
##..##
##@e#######..##
##.....[.....#
##...#####...#
#..### ###..#
#..# #..# ##.##
#.(. #..# ##.
#..# ##.##


You could see Duvessa (berserk).

Vanquished Creatures
  Edmund (D:5)
  A centaur (D:3)
  An ogre (D:4)
  Dowan (D:5)
  A quasit (D:2)
  An orc wizard (D:4)
  Jessica (D:3)
  Ijyb (D:3)
  Natasha (thrice) (D:3)
  6 adders
  An ooze (D:3)
  An adder skeleton (D:3)
  A worm (D:3)
  3 dart slugs
  2 leopard geckos (D:2)
  6 orcs
  3 ball pythons
  3 bats
  4 giant cockroaches
  7 goblins
  10 hobgoblins
  7 kobolds
  3 frilled lizards (D:2)
  6 rats
74 creatures vanquished.

Notes
Turn   | Place    | Note
-------+----------+-------------------------------------------
     0 | D:1      | Emblim88 the Gnoll Warper began the quest for the Orb.
     0 | D:1      | Reached XP level 1. HP: 20/20 MP: 6/6
   181 | D:1      | Reached XP level 2. HP: 20/26 MP: 7/7
   873 | D:2      | Learned a level 2 spell: Shroud of Golubria
   972 | D:2      | Reached XP level 3. HP: 31/31 MP: 9/9
  1010 | D:2      | Reached skill level 5 in Spellcasting
  1068 | D:2      | Found a shadowy altar of Dithmenos.
  1080 | D:2      | Reached skill level 1 in Invocations
  1352 | D:2      | Reached skill level 1 in Short Blades
  1352 | D:2      | Reached skill level 1 in Axes
  1352 | D:2      | Reached skill level 1 in Maces & Flails
  1352 | D:2      | Reached skill level 1 in Polearms
  1352 | D:2      | Reached skill level 1 in Staves
  1352 | D:2      | Reached skill level 1 in Slings
  1352 | D:2      | Reached skill level 1 in Bows
  1352 | D:2      | Reached skill level 1 in Crossbows
  1352 | D:2      | Reached skill level 1 in Stealth
  1352 | D:2      | Reached skill level 1 in Shields
  1352 | D:2      | Reached skill level 1 in Unarmed Combat
  1352 | D:2      | Reached skill level 1 in Evocations
  1362 | D:2      | Reached XP level 4. HP: 18/38 MP: 9/11
  1381 | D:2      | Reached skill level 1 in Conjurations
  1381 | D:2      | Reached skill level 1 in Hexes
  1381 | D:2      | Reached skill level 1 in Charms
  1381 | D:2      | Reached skill level 1 in Summonings
  1381 | D:2      | Reached skill level 1 in Necromancy
  1381 | D:2      | Reached skill level 1 in Transmutations
  1381 | D:2      | Reached skill level 1 in Fire Magic
  1381 | D:2      | Reached skill level 1 in Ice Magic
  1381 | D:2      | Reached skill level 1 in Air Magic
  1381 | D:2      | Reached skill level 1 in Earth Magic
  1381 | D:2      | Reached skill level 1 in Poison Magic
  1905 | D:3      | Noticed Natasha
  2121 | D:2      | Reached XP level 5. HP: 43/43 MP: 12/12
  2463 | D:3      | Killed Natasha
  2513 | D:3      | Noticed Natasha
  2540 | D:3      | Killed Natasha
  2833 | D:3      | Noticed Natasha
  2835 | D:3      | Noticed a centaur
  2849 | D:3      | Killed Natasha
  2866 | D:3      | Killed a centaur
  2866 | D:3      | Reached XP level 6. HP: 18/50 MP: 14/14
  3081 | D:3      | Found a sparkling altar of Nemelex Xobeh.
  3125 | D:3      | Noticed Ijyb
  3401 | D:3      | Killed Ijyb
  3401 | D:3      | Reached skill level 5 in Fighting
  3401 | D:3      | Reached skill level 5 in Long Blades
  3401 | D:3      | Reached skill level 5 in Dodging
  3617 | D:3      | Noticed Jessica
  3634 | D:3      | Killed Jessica
  3734 | D:3      | Gained mutation: Your flesh is cold resistant. (rC+)
                  | [potion of mutation]
  3734 | D:3      | Gained mutation: Your natural rate of healing is unusually
                  | fast. [potion of mutation]
  3734 | D:3      | Gained mutation: Your movements are slightly less
                  | encumbered by armour. (ER -2) [potion of mutation]
  3765 | D:4      | Reached XP level 7. HP: 31/56 MP: 13/15
  4025 | D:5      | Entered Level 5 of the Dungeon
  4035 | D:5      | Found Tippaohu's Elemental Accessories.
  4072 | D:5      | Noticed Edmund
  4088 | D:5      | Noticed Dowan
  4155 | D:5      | Killed Edmund
  4246 | D:5      | Noticed Duvessa
  4260 | D:5      | Killed Dowan
  4264 | D:5      | HP: 1/56 [Duvessa/+0 short sword (10)]
  4281 | D:5      | Slain by Duvessa

Skill      XL: |  1  2  3  4  5  6  7 |
---------------+----------------------+-----
Spellcasting   | 5 |  5.6
Invocations    | 1 2 |  2.8
Short Blades   | 1 2 |  2.5
Axes           | 1 2 |  2.5
Maces & Flails | 1 2 |  2.5
Polearms       | 1 2 |  2.5
Staves         | 1 2 |  2.5
Slings         | 1 2 |  2.5
Bows           | 1 2 |  2.5
Crossbows      | 1 2 |  2.5
Stealth        | 1 2 |  2.5
Shields        | 1 2 |  2.5
Unarmed Combat | 1 2 |  2.5
Evocations     | 1 2 |  2.5
Conjurations   | 1 2 |  2.0
Hexes          | 1 2 |  2.0
Charms         | 1 2 |  2.0
Summonings     | 1 2 |  2.0
Necromancy     | 1 2 |  2.0
Transmutations | 1 2 |  2.0
Fire Magic     | 1 2 |  2.0
Ice Magic      | 1 2 |  2.0
Air Magic      | 1 2 |  2.0
Earth Magic    | 1 2 |  2.0
Poison Magic   | 1 2 |  2.0
Throwing       | 3 |  3.6
Armour         | 3 |  3.6
Fighting       | 5 |  5.2
Long Blades    | 5 |  5.2
Dodging        | 5 |  5.2
Translocations | |  5.8

Action                   |  1- 3 |  4- 6 |  7- 9 || total
-------------------------+-------+-------+-------++-------
Melee: Falchion          |    92 |   211 |    69 ||   372
       Bite              |    10 |    33 |    14 ||    57
       Punch             |       |     4 |     1 ||     5
       Flail             |       |       |    18 ||    18
Throw: Tomahawk          |       |     4 |     1 ||     5
 Cast: Shroud of Golubri |     3 |    10 |     4 ||    17
  Use: Potion            |       |    10 |     2 ||    12
       Scroll            |       |    11 |     1 ||    12
 Stab: Sleeping          |       |     1 |       ||     1
       Invisible         |       |     4 |       ||     4
  Eat: Chunk             |     1 |     3 |       ||     4
       Ration            |       |     2 |       ||     2
Armor: Leather armour    |    27 |    72 |    25 ||   124
       Skin              |       |     4 |       ||     4
Dodge: Dodged            |    98 |   214 |    48 ||   360
       Rpst.: Falchion   |    20 |    76 |     9 ||   105
